 Dungeon Crawl Stone Soup version 0.17-a0-957-ga3519be (webtiles) character file.

165 namelastname112 the Shooter (level 5, -2/45 HPs)
             Began as a Draconian Arcane Marksman on May 7, 2015.
             Was an Initiate of Qazlal.
             Slain by Grinder (4 damage)
             ... on level 3 of the Dungeon.
             The game lasted 00:08:15 (2526 turns).

namelastname112 the Shooter (DrAM)                  Turns: 2526, Time: 00:08:15

Health: -2/45      AC:  5    Str: 13    XL:     5   Next: 21%
Magic:  6/6        EV: 13    Int: 13    God:    Qazlal [......]
Gold:   92         SH:  0    Dex: 12    Spells: 1 memorised, 5 levels left

rFire  . . .     SeeInvis .     b - +0 shortbow
rCold  . . .     Clarity  .     (armour unavailable)
rNeg   . . .     SustAb   +     (no shield)
rPois  .         Gourm    .     (helmet restricted)
rElec  .         Spirit   .     (no cloak)
rCorr  .         Warding  .     (no gloves)
rMut   .         Stasis   .     (no boots)
MR     .....                    (no amulet)
Stlth  +.........               (no ring)
                                j - ring of sustain abilities

@: lethally poisoned (-2 -> -15), not resistant to hostile enchantments, very
unstealthy
A: unfitting armour, cold-blooded, AC +5
a: Renounce Religion


You were on level 3 of the Dungeon.
You worshipped Qazlal.
Qazlal was noncommittal.
You were not hungry.

You visited 1 branch of the dungeon, and saw 3 of its levels.

You collected 92 gold pieces.

Inventory:

Hand weapons
 a - a +0 spear
 b - a +0 shortbow (weapon)
 r - a +0 dagger
Missiles
 i - 32 arrows (quivered)
 n - 18 arrows of frost
Jewellery
 j - a ring of sustain abilities (left hand)
Scrolls
 e - 2 scrolls of blinking
 g - a scroll of identify {unknown}
 m - a scroll of fear {unknown}
 o - 2 scrolls of enchant armour {unknown}
 q - a scroll of teleportation {unknown}
 s - a scroll of remove curse {unknown}
Potions
 f - 2 potions of flight
 l - a potion of brilliance
Books
 c - a book of Debilitation

   Spells                             Type                      Level
   a - Corona                         Hexes                        1
   b - Slow                           Hexes                        2
   c - Gell's Gravitas                Hexes/Translocation          3
   d - Inner Flame                    Hexes/Fire                   3
   e - Cause Fear                     Hexes                        4
   f - Leda's Liquefaction            Hexes/Earth                  4
Comestibles
 d - 3 bread rations


   Skills:
 + Level 3.0 Fighting
 + Level 0.0 Polearms
 * Level 3.4 Bows
 + Level 3.1 Dodging
 - Level 1.0 Spellcasting
 - Level 2.6 Hexes


You had 5 spell levels left.
You knew the following spells:

 Your Spells              Type           Power        Failure   Level  Hunger
a - Corona                Hex            #......      12%         1    ##.....


Dungeon Overview and Level Annotations

Branches:
Dungeon (3/15)

Altars:
Fedhas
Qazlal

Annotations:
D:3 Grinder


Innate Abilities, Weirdness & Mutations

Your plain brown scales are hard (AC +5).
Your body does not fit into most forms of armour.
You are cold-blooded and may be slowed by cold attacks.


Message History

Press: ? - help, Shift-Dir - straight line, f/p - Grinder
Aim: Grinder (lightly wounded)
You shoot an arrow. The arrow hits Grinder!
Grinder is moderately wounded.
Drink which item? (? for menu, Esc to quit)
It was a potion of cancellation.
Your magical effects are unravelling.
Your magical contamination has completely faded away.
You feel magically purged.
You feel a little less clever now.
Drink which item? (? for menu, Esc to quit)
It was a potion of poison.
That liquid tasted very nasty...
You are lethally poisoned!
You float gracefully downwards.
* * * LOW HITPOINT WARNING * * *
You feel sick. Grinder hits you!
* * * LOW HITPOINT WARNING * * *
You writhe in agony.
You die...

.# .## ### .? #.. ..
##### #.# .### ....#
#.# ... ###.# #.#
#####(# #.#
#.####.#####.((>.#
#.#
#.......@5..(#####
#.##########.#######
#............#
##############


You could see Grinder.

Vanquished Creatures
  Ijyb (D:2)
  4 gnolls (D:3)
  5 adders
  An ooze (D:3)
  A worm (D:2)
  5 bats
  2 giant cockroaches
  3 goblins
  7 hobgoblins
  7 jackals (D:2)
  6 kobolds
  3 giant newts
  8 rats
53 creatures vanquished.

Notes
Turn   | Place    | Note
--------------------------------------------------------------
     0 | D:1      | namelastname112, the Draconian Arcane Marksman, began the quest for the Orb.
     0 | D:1      | Reached XP level 1. HP: 16/16 MP: 2/2
   243 | D:1      | Reached XP level 2. HP: 24/24 MP: 3/3
  1095 | D:2      | Found a blossoming altar of Fedhas.
  1099 | D:2      | Noticed Ijyb
  1114 | D:2      | Reached XP level 3. HP: 25/29 MP: 2/4
  1148 | D:2      | Killed Ijyb
  1399 | D:2      | Reached XP level 4. HP: 32/37 MP: 2/5
  1562 | D:2      | Found a stormy altar of Qazlal.
  1676 | D:2      | Reached skill level 3 in Bows
  1953 | D:2      | Became a worshipper of Qazlal Stormbringer
  2258 | D:3      | Reached XP level 5. HP: 32/44 MP: 6/6
  2504 | D:3      | Noticed Grinder
  2504 | D:3      | Paralysed by Grinder for 7 turns
  2526 | D:3      | HP: 2/45 [Grinder (7)]
  2526 | D:3      | Slain by Grinder

Action                   |  1- 3 |  4- 6 || total
-------------------------+-------+-------++-------
Melee: Dagger            |   124 |   116 ||   240
       Spear             |       |     5 ||     5
 Fire: Shortbow          |    46 |    28 ||    74
 Cast: Corona            |     7 |     3 ||    10
  Use: Potion            |       |     6 ||     6
       Scroll            |       |     1 ||     1
  Eat: Chunk             |     2 |       ||     2
       Meat ration       |       |     1 ||     1
